 Dungeon Crawl Stone Soup version 0.26-a0-520-g952f204493 (webtiles) character file.

Game seed: 419812447738841247

1546 KristoblXynda the Covert (level 8, -6/58 HPs)
             Began as a Vampire Gladiator on Aug 12, 2020.
             Mangled by a wyvern zombie (10 damage)
             ... on level 5 of the Dungeon.
             The game lasted 00:08:02 (5010 turns).

KristoblXynda the Covert (Vampire Gladiator)        Turns: 5010, Time: 00:08:03

Health: -6/58      AC: 10    Str: 15    XL:     8   Next: 57%
Magic:  8/8        EV: 30    Int: 10    God:
Gold:   265        SH:  0    Dex: 16    Spells: 7/7 levels left

rFire    . . .     SeeInvis +   a - +0 long sword
rCold    + . .     Faith    .   (no shield)
rNeg     . . .     Spirit   .   A - +2 ring mail {rC+}
rPois    .         Reflect  .   c - +0 helmet
rElec    .         Harm     .   (no cloak)
rCorr    .                      k - +0 pair of gloves (curse)
MR       .....                  (no boots)
Stlth    +++.......             v - amulet of the acrobat
HPRegen  0.39/turn              (no ring)
MPRegen  0.11/turn              (no ring)

@: acrobat, regenerating quickly
A: fangs 3, see invisible, unbreathing
a: Exsanguinate


You were on level 5 of the Dungeon.
You visited 2 branches of the dungeon, and saw 6 of its levels.

You collected 265 gold pieces.

Inventory:

Hand Weapons
 a - a +0 long sword (weapon)
 m - a +1 dagger of venom
Missiles
 d - 3 throwing nets (quivered)
Armour
 c - a +0 helmet (worn)
 k - a cursed +0 pair of gloves (worn)
 x - a +2 buckler of fire resistance
 A - a +2 ring mail of cold resistance (worn)
Jewellery
 r - an uncursed ring of ice
 t - an uncursed amulet of magic regeneration
 v - an amulet of the acrobat (around neck)
Wands
 p - a wand of digging (2)
 y - a wand of paralysis (6)
Scrolls
 b - a scroll of blinking {unknown}
 i - 6 scrolls of remove curse
 j - a scroll of amnesia {unknown}
 n - 2 scrolls of fog {unknown}
 o - 3 scrolls of teleportation
 q - a scroll of fear {unknown}
 w - a scroll of enchant armour {unknown}
 B - a scroll of random uselessness {unknown}
 C - a scroll of immolation {unknown}
Potions
 e - 2 potions of haste
 f - a potion of mutation {unknown}
 g - 2 potions of curing {unknown}
 h - 2 potions of heal wounds
 l - 2 potions of lignification {unknown}
 s - 2 potions of might
 u - a potion of magic
 z - a potion of invisibility {unknown}


   Skills:
 - Level 3.1 Fighting
 + Level 6.1 Long Blades
 - Level 2.0 Throwing
 + Level 3.4 Armour
 + Level 6.7 Dodging
 + Level 8.0 Stealth


You had 7 spell levels left.
You didn't know any spells.
Your spell library was empty.

Dungeon Overview and Level Annotations

Branches:
Dungeon (5/15)             Temple (1/1) D:4

Altars:
Cheibriados
Dithmenos
Fedhas
Gozag
Hepliaklqana
Kikubaaqudgha
Makhleb
Nemelex Xobeh
Qazlal
Ru
Sif Muna
Trog
Uskayaw
Vehumet
Wu Jian
Xom
Yredelemnul
Zin
The Shining One

Annotations:
D:3 1 runed translucent door, dogbrainedIDIOT's ghost, amateur KoCj


Innate Abilities, Weirdness & Mutations

Your natural rate of healing is unusually fast.
You have razor-sharp teeth.
You have supernaturally acute eyesight. (SInv)
You can survive without breathing.


Message History

The wyvern zombie completely misses you.
The wyvern zombie misses you. The wyvern zombie misses you.
Your +1 dagger of venom stops dripping with poison.
a - a +0 long sword (weapon)
The wyvern zombie completely misses you.
You riposte.
You slash the wyvern zombie!
You bite the wyvern zombie, but do no damage.
The wyvern zombie is almost destroyed.
You hit the wyvern zombie but do no damage.
Your bite misses the wyvern zombie.
The wyvern zombie is almost destroyed.
The wyvern zombie bites you!
* * * LOW HITPOINT WARNING * * *
Unknown command.
The wyvern zombie completely misses you.
You riposte.
You hit the wyvern zombie.
The wyvern zombie is almost destroyed.
The wyvern zombie bites you!
You die...

#.# #..##.# #.#
#..##.#
#####.###......
#.........###.#
#.###.....<....
###.###..######.#
#.(...#..######.#
#####.....#..........
#..Z@........#######.
#.###.....##.# #. #.#
#.....##.# #. #.#
###.####.# #. #.#
#......# #. #.#
######.# #. #.# #.#
#. #.# #.# #. #.# #.#
#.


You could see a wyvern zombie.

Vanquished Creatures
  A two-headed ogre (D:5)
  Menkaure (D:5)
  A sky beast (D:5)
  A phantom (D:4)
  A centaur (D:5)
  A gnoll sergeant (D:5)
  A centaur zombie (D:4)
  A bullfrog zombie (D:5)
  A hound (D:4)
  A gnoll shaman (D:4)
  An orc wizard (D:3)
  2 worker ants (D:4)
  Ijyb (D:5)
  8 gnolls
  5 adders
  2 oozes
  2 worms (D:2)
  5 dart slugs
  3 leopard geckos
  12 orcs (D:3)
  4 giant cockroaches
  6 hobgoblins
  3 jackals (D:2)
  3 quokkas
  3 ball pythons
  7 bats
  4 frilled lizards
  7 goblins
  A jackal zombie (D:3)
  10 kobolds
  2 quokka skeletons (D:4)
  7 rats
108 creatures vanquished.

Notes
Turn   | Place    | Note
-------+----------+-------------------------------------------
     0 | D:1      | KristoblXynda the Vampire Gladiator began the quest for the
                  | Orb.
     0 | D:1      | Reached XP level 1. HP: 16/16 MP: 1/1
   156 | D:1      | Reached XP level 2. HP: 9/22 MP: 2/2
   446 | D:1      | Reached XP level 3. HP: 23/27 MP: 3/3
   722 | D:1      | Reached skill level 1 in Stealth
  1146 | D:2      | Reached XP level 4. HP: 34/34 MP: 4/4
  1424 | D:2      | Reached skill level 2 in Stealth
  1621 | D:3      | You fall into a shaft and drop 1 floor!
  1723 | D:4      | Found a staircase to the Ecumenical Temple.
  1745 | Temple   | Entered the Ecumenical Temple
  2029 | D:4      | Reached skill level 3 in Stealth
  2029 | D:4      | Reached XP level 5. HP: 22/40 MP: 5/5
  2131 | D:4      | Noticed a phantom
  2154 | D:4      | Killed a phantom
  2154 | D:4      | Reached XP level 6. HP: 36/47 MP: 6/6
  2210 | D:4      | Reached skill level 4 in Stealth
  2712 | D:3      | Found a faded altar of an unknown god.
  2789 | D:3      | Reached skill level 5 in Dodging
  2852 | D:3      | Reached skill level 1 in Armour
  3307 | D:3      | Found a runed translucent door.
  3307 | D:3      | Noticed dogbrainedIDIOT's ghost (amateur KoCj)
  3466 | D:3      | You fall into a shaft and drop 2 floors!
  3466 | D:5      | Entered Level 5 of the Dungeon
  3480 | D:5      | Noticed a sky beast
  3494 | D:5      | Killed a sky beast
  3494 | D:5      | Reached skill level 5 in Stealth
  3494 | D:5      | Reached XP level 7. HP: 52/52 MP: 7/7
  3545 | D:5      | Noticed Ijyb
  3579 | D:5      | Noticed Menkaure
  3592 | D:5      | Killed Menkaure
  3592 | D:5      | Reached skill level 5 in Long Blades
  3773 | D:5      | Found a hide-covered altar of Uskayaw.
  3773 | D:5      | Found a sparkling altar of Nemelex Xobeh.
  3776 | D:5      | Found a shimmering altar of Xom.
  4097 | D:3      | Reached skill level 6 in Stealth
  4460 | D:5      | Noticed a two-headed ogre
  4461 | D:5      | Killed Ijyb
  4506 | D:5      | Killed a two-headed ogre
  4506 | D:5      | Reached skill level 7 in Stealth
  4506 | D:5      | Reached XP level 8. HP: 12/58 MP: 8/8
  4922 | D:5      | Reached skill level 8 in Stealth
  5006 | D:5      | HP: 2/58 [wyvern zombie (9)]
  5010 | D:5      | Mangled by a wyvern zombie

Illustrated notes

Levels and vault maps discovered:
D:1:      wander_arrival_desolate, layout_basic
D:2:      layout_basic
D:3:      layout_basic, chequers_ecumenical_altar_twisty, gammafunk_ghost_grave,
          roderic_lattice_a
D:4:      layout_basic, minmay_temple_entry_trees
D:5:      layout_loops_ring, nicolae_overflow_hidden_temple,
          grunt_temple_overflow_open, uniq_menkaure, uniq_ijyb
Temple:   eino_temple_rhombus

Skill      XL: |  1  2  3  4  5  6  7  8 |
---------------+-------------------------+-----
Fighting       | 2 3 |  3.1
Throwing       | 2 |  2.0
Stealth        | 1 3 5 7 8 |  8.0
Dodging        | 4 5 6 |  6.7
Long Blades    | 4 6 |  6.1
Armour         | 1 3 |  3.4

Action                   |  1- 3 |  4- 6 |  7- 9 || total
-------------------------+-------+-------+-------++-------
Melee: Long sword        |    56 |    14 |     9 ||    79
       Bite              |    13 |    29 |    10 ||    52
       Dagger            |    48 |   195 |    74 ||   317
Throw: Throwing net      |     2 |       |       ||     2
  Use: Scroll            |       |     5 |     1 ||     6
       Potion            |       |       |     2 ||     2
 Stab: Held in net/web   |     1 |       |       ||     1
       Sleeping          |       |     3 |     5 ||     8
Armor: Leather armour    |    20 |       |       ||    20
       Ring mail         |    20 |    49 |    12 ||    81
Dodge: Dodged            |    86 |   109 |    50 ||   245
       Rpst.: Long sword |    18 |     3 |     2 ||    23

Table legend: (Time is in decaauts)
 A = Elapsed time spent in this place.
 B = Non-inter-level travel time spent in this place.
 C = Inter-level travel time spent in this place.
 D = Time resting spent in this place.
 E = Time spent auto-exploring this place.
 F = Levels seen in this place.
 G = Mean time per level.
                   A        B        C        D        E       F      G
               +--------+--------+--------+--------+--------+-----+--------+
         Total |   4985 |   4751 |    234 |    757 |   2762 |   6 |  830.8 |
       Dungeon |   4769 |   4542 |    227 |    757 |   2675 |   5 |  953.8 |
        Temple |    215 |    208 |      7 |      0 |     87 |   1 |  215.0 |
               +--------+--------+--------+--------+--------+-----+--------+

Top non-repeatable levels by time:
     D:3: 1231 daAuts
     D:5: 1022 daAuts
     D:4: 907 daAuts
     D:1: 860 daAuts
     D:2: 747 daAuts
  Temple: 215 daAuts
